 Dungeon Crawl Stone Soup version 0.21.1-1-g345015f (webtiles) character file.

9 raistware the Magician (level 2, -2/19 HPs)
             Began as a Mummy Wizard on Apr 18, 2018.
             Slain by a gnoll
             ... wielding a +0 spear
              (3 damage)
             ... on level 1 of the Dungeon.
             The game lasted 00:01:59 (349 turns).

raistware the Magician (Mummy Wizard)                Turns: 349, Time: 00:02:00

Health: -2/19      AC:  2    Str: 10    XL:     2   Next: 6%
Magic:  0/7        EV: 12    Int: 17    God:
Gold:   22         SH:  0    Dex: 10    Spells: 4/9 levels left

rFire    x . .     SeeInvis .   (no weapon)
rCold    + . .     Gourm    .   (no shield)
rNeg     + + +     Faith    .   a - +0 robe
rPois    ∞         Spirit   .   b - +0 hat
rElec    .         Reflect  .   (no cloak)
rCorr    .         Harm     .   (no gloves)
MR       .....                  (no boots)
Stlth    ++........             (no amulet)
HPRegen  0.06/turn              (no ring)
MPRegen  0.10/turn              (no ring)

@: no status effects
A: no food or potions, fire vulnerability, cold resistance 1, negative energy
resistance 3, torment resistance, unbreathing
a: no special abilities


You were on level 1 of the Dungeon.
You were not hungry.

You visited 1 branch of the dungeon, and saw 1 of its levels.

You collected 22 gold pieces.

Inventory:

Hand Weapons
 e - a +0 spear
Armour
 a - a +0 robe (worn)
 b - a +0 hat (worn)
Scrolls
 d - a scroll of magic mapping {unknown}
Books
 c - a book of Minor Magic

   Spells                             Type                      Level
   a - Magic Dart                     Conjuration                  1
   b - Blink                          Translocation                2
   c - Call Imp                       Summoning                    2
   d - Slow                           Hexes                        2
   e - Conjure Flame                  Conjuration/Fire             3
   f - Mephitic Cloud                 Conjuration/Poison/Air       3


   Skills:
 - Level 1.5 Dodging
 - Level 1.5 Stealth
 - Level 4.0 Spellcasting
 + Level 1.7 Conjurations
 - Level 0.7 Summonings
 - Level 0.7 Translocations


You had 4 spell levels left.
You knew the following spells:

 Your Spells              Type           Power        Failure   Level  Hunger
a - Magic Dart            Conj           #...         8%          1    N/A
b - Blink                 Tloc           N/A          19%         2    N/A
c - Call Imp              Summ           #.......     19%         2    N/A

Dungeon Overview and Level Annotations

Branches:
Dungeon (1/15)

Altars:


Innate Abilities, Weirdness & Mutations

You do not eat or drink.
Your flesh is vulnerable to fire.
You are immune to poison.
Your flesh is cold resistant. (rC+)
You are immune to negative energy. (rN+++)
You are immune to unholy pain and torment.
You can survive without breathing.


Message History

The gnoll closely misses you.
Your iron imp closely misses the gnoll.
Casting: Magic Dart
Confirm with . or Enter, or press ? or * to list all spells.
Aiming: Magic Dart
Press: ? - help, Shift-Dir - straight line, f/p - gnoll
Aim: a gnoll, wielding a spear (moderately wounded)
The magic dart hits the gnoll.
The gnoll is moderately wounded.
The gnoll hits you from afar with a spear!
* * * LOW HITPOINT WARNING * * *
Your iron imp hits the gnoll.
Casting: Magic Dart
Confirm with . or Enter, or press ? or * to list all spells.
Aiming: Magic Dart
Press: ? - help, Shift-Dir - straight line, f/p - gnoll
Aim: a gnoll, wielding a spear (severely wounded)
The magic dart hits the gnoll.
The gnoll is almost dead.
The gnoll hits you from afar with a spear.
You die...

#......###.........
#......# #....(....
#......# #....##...
#....!.# #....#####
######.# #........#
..## #.# #........#
##.###.# ##....5g.#
##.##.# #.......#
##.#.# #.....@.#
#.#.# #########
#.#)# #####..#
#.....†# #......#
#...(..########
#......##.....#
#.......).....#


You could see a gnoll and a friendly iron imp.

Vanquished Creatures
  A bat (D:1)
  A giant cockroach (D:1)
  2 goblins (D:1)
  2 hobgoblins (D:1)
  A kobold (D:1)
  A rat (D:1)
8 creatures vanquished.

Notes
Turn   | Place    | Note
-------+----------+-------------------------------------------
     0 | D:1      | raistware the Mummy Wizard began the quest for the Orb.
     0 | D:1      | Reached XP level 1. HP: 13/13 MP: 5/5
    58 | D:1      | Reached skill level 1 in Conjurations
   253 | D:1      | Reached XP level 2. HP: 14/19 MP: 0/7
   257 | D:1      | Learned a level 2 spell: Blink
   260 | D:1      | Learned a level 2 spell: Call Imp
   349 | D:1      | Slain by a gnoll

Skill      XL: |  1 |
---------------+----+-----
Conjurations   | 1 |  1.7
Dodging        | |  1.5
Stealth        | |  1.5
Spellcasting   | |  4.0
Summonings     | |  0.7
Translocations | |  0.7

Action                   || total
-------------------------++-------
Melee: Unarmed           ||    32
 Cast: Magic Dart        ||    26
       Call Imp          ||     1
Armor: Robe              ||     9
Dodge: Dodged            ||    21
